 Dungeon Crawl Stone Soup version 0.26.0-41-g79a4fc7684 (webtiles) character file.

Game seed: 10436579174951326445

5079 zcampers the Fighter (level 10, -3/91 HPs)
             Began as a Minotaur Berserker on Jan 26, 2021.
             Was an Elder of Trog.
             Slain by a ten-headed hydra (9 damage)
             ... on level 9 of the Dungeon.
             The game lasted 00:13:19 (7427 turns).

zcampers the Fighter (Minotaur Berserker)           Turns: 7427, Time: 00:13:20

Health: -3/91      AC:  9    Str: 21    XL:     10   Next: 31%
Magic:  18/18      EV: 14    Int:  7    God:    Trog [****..]
Gold:   284        SH: 10    Dex: 15    Spells: 9/9 levels left

rFire    . . .     SeeInvis +   i - +2 war axe (vorpal)
rCold    + . .     Faith    .   v - +0 kite shield
rNeg     . . .     Spirit   .   r - +2 ring mail {Will+}
rPois    .         Reflect  .   (helmet restricted)
rElec    .         Harm     .   (no cloak)
rCorr    .         Rampage  .   (no gloves)
Will     .....                  (no boots)
Stlth    +.........             (no amulet)
HPRegen  0.25/turn              s - ring of protection from cold
MPRegen  0.16/turn              u - ring of magical power

@: weak-willed, berserk cooldown, slowed, very slow
A: retaliatory headbutt, horns 2, see invisible, agile 2
a: Renounce Religion, Berserk, Trog's Hand, Brothers in Arms


You were on level 9 of the Dungeon.
You worshipped Trog.
Trog was greatly pleased with you.
You visited 1 branch of the dungeon, and saw 9 of its levels.
You also visited: Ossuary.

You collected 480 gold pieces.
You spent 196 gold pieces at shops.

Inventory:

Hand Weapons
 i - a +2 vorpal war axe (weapon)
Missiles
 l - 7 curare-tipped darts (quivered)
Armour
 r - a +2 ring mail of willpower (worn)
 v - a +0 kite shield (worn)
Jewellery
 s - a ring of protection from cold (left hand)
 u - a ring of magical power (right hand)
Wands
 a - a wand of flame (19)
 k - a wand of digging (4)
 n - a wand of random effects (39)
 x - a wand of acid (10)
Scrolls
 b - 2 scrolls of fear
 c - 3 scrolls of enchant armour
 g - a scroll of fog
 h - 3 scrolls of remove curse
 q - 3 scrolls of teleportation
 t - a scroll of blinking
 z - a scroll of identify
Potions
 d - 6 potions of flight
 e - a potion of mutation
 f - 2 potions of haste
 j - a potion of might
 m - 6 potions of heal wounds
 o - 2 potions of cancellation
 p - 4 potions of curing


   Skills:
 + Level 9.5 Fighting
 + Level 9.5 Axes
 + Level 9.1 Armour
 + Level 8.3 Dodging
 + Level 5.4 Shields


You had 9 spell levels left.
You didn't know any spells.
Your spell library was empty.

Dungeon Overview and Level Annotations

Branches:
Dungeon (9/15)             Temple (0/1) D:4             Orc (0/2) D:9
Ossuary (visited)
   Lair: D:8-11

Altars:
Nemelex Xobeh
Ru
Sif Muna
Xom

Shops:
D:7 !


Innate Abilities, Weirdness & Mutations

You reflexively headbutt those who attack you in melee.
You have a pair of horns on your head.
You have supernaturally acute eyesight. (SInv)
You are very agile. (Dex +4)


Message History

The nine-headed hydra barely misses you.
The nine-headed hydra bites you!
* * * LOW HITPOINT WARNING * * *
You chop one of the nine-headed hydra's heads off!
The eight-headed hydra grows two more!
You slash the ten-headed hydra!
The ten-headed hydra is moderately wounded.
The ten-headed hydra completely misses you.
The ten-headed hydra barely misses you.
The ten-headed hydra bites you but does no damage.
You block the ten-headed hydra's attack.
The ten-headed hydra closely misses you.
You block the ten-headed hydra's attack.
The ten-headed hydra closely misses you.
The ten-headed hydra bites you.
* * * LOW HITPOINT WARNING * * *
The ten-headed hydra closely misses you.
The ten-headed hydra completely misses you.
You block the ten-headed hydra's attack.
The ten-headed hydra bites you!
You die...

>.#.....#####............#
..#......)...#####....>..#
.................#.......#
+#########'#####.#.>.....#
#.........#.#.......#
#.#+###+#.#.........#
#.#.........#
#.#.#.......#
+lD@#.......#
#.#.#.......# #
#.#.......# #.#.......#
#.#....... #.# #.# #.# #.#


You could see a ten-headed hydra and a leopard gecko.

Vanquished Creatures
  A two-headed ogre (D:8)
  Maggie (D:6)
  Prince Ribbit (D:6)
  Eustachio (D:6)
  A wyvern (D:8)
  3 orc warriors
  3 ice beasts
  4 ogres
  A big kobold (D:8)
  Blork the orc (D:4)
  5 bullfrogs
  A wyvern zombie (D:6)
  4 water moccasin zombies (Ossuary)
  A wyvern skeleton (D:7)
  4 scorpions
  3 wights (D:7)
  5 howler monkeys
  3 bullfrog zombies
  3 hounds
  2 jellies
  3 orc priests
  3 centaur skeletons (D:4)
  11 orc wizards
  An iguana (D:8)
  Terence (D:2)
  9 worker ants
  3 big kobold zombies (Ossuary)
  3 hound skeletons
  2 mummies (Ossuary)
  Robin (D:2)
  11 gnolls
  10 adders
  3 white imps
  7 adder zombies
  An adder skeleton (D:5)
  4 worms
  2 dart slugs (D:2)
  A leopard gecko (D:2)
  21 orcs
  A ball python (D:5)
  6 giant cockroaches
  3 gnoll zombies (Ossuary)
  10 goblins
  14 hobgoblins
  4 jackals (D:1)
  8 kobolds
  3 quokkas
  10 bats
  6 frilled lizards
  2 hobgoblin zombies (Ossuary)
  4 kobold zombies (Ossuary)
  5 orc zombies (Ossuary)
  6 rats
227 creatures vanquished.

Notes
Turn   | Place    | Note
-------+----------+-------------------------------------------
     0 | D:1      | zcampers the Minotaur Berserker began the quest for the
                  | Orb.
     0 | D:1      | Reached XP level 1. HP: 19/19 MP: 0/0
   234 | D:1      | Reached XP level 2. HP: 25/27 MP: 1/1
   903 | D:2      | Reached XP level 3. HP: 31/33 MP: 2/2
   925 | D:2      | Noticed Terence
   942 | D:2      | Killed Terence
   942 | D:2      | Reached ** piety under Trog
   943 | D:2      | Reached skill level 1 in Shields
   943 | D:2      | Reached XP level 4. HP: 18/40 MP: 3/3
  1176 | D:2      | Noticed Robin
  1194 | D:2      | Killed Robin
  1718 | D:3      | Reached XP level 5. HP: 40/47 MP: 4/4
  1877 | D:3      | Found a faded altar of an unknown god.
  2264 | D:4      | Noticed an ogre
  2277 | D:4      | Reached skill level 5 in Axes
  2277 | D:4      | Reached XP level 6. HP: 55/55 MP: 5/5
  2282 | D:4      | Reached skill level 5 in Fighting
  2535 | D:4      | Found a sand-covered staircase.
  2545 | Ossuary  | Entered an ossuary
  2587 | Ossuary  | Reached XP level 7. HP: 49/61 MP: 6/6
  2658 | Ossuary  | Reached skill level 5 in Armour
  2759 | Ossuary  | Reached *** piety under Trog
  2841 | Ossuary  | Gained mutation: You are agile. (Dex +2) [potion of
                  | mutation]
  2841 | Ossuary  | Gained mutation: You have supernaturally acute eyesight.
                  | (SInv) [potion of mutation]
  2841 | Ossuary  | Gained mutation: You are very agile. (Dex +4) [potion of
                  | mutation]
  2946 | D:4      | Found a staircase to the Ecumenical Temple.
  3054 | D:4      | Noticed Blork the orc
  3066 | D:4      | Killed Blork the orc
  3084 | D:4      | Reached skill level 5 in Dodging
  3141 | D:4      | Reached XP level 8. HP: 47/70 MP: 7/7
  3377 | D:4      | Found a shimmering blue altar of Sif Muna.
  3412 | D:5      | Entered Level 5 of the Dungeon
  3632 | D:5      | Found a shimmering altar of Xom.
  4399 | D:6      | Noticed Maggie
  4414 | D:6      | Killed Maggie
  4492 | D:6      | Noticed Prince Ribbit
  4537 | D:6      | Killed Prince Ribbit
  4541 | D:6      | Reached XP level 9. HP: 69/80 MP: 8/8
  4589 | D:6      | Got a faintly glowing rapier
  4591 | D:6      | Identified the +7 rapier "Gutuut" {speed, Int+2 Dex+8
                  | Stlth+} (You found it on level 6 of the Dungeon)
  5004 | D:6      | Found a sparkling altar of Nemelex Xobeh.
  5006 | D:6      | Noticed Eustachio
  5026 | D:6      | Killed Eustachio
  5870 | D:7      | Found Goces's Distillery.
  5883 | D:7      | Bought a potion of haste for 140 gold pieces
  5883 | D:7      | Bought a potion of might for 56 gold pieces
  6019 | D:7      | Reached **** piety under Trog
  6438 | D:8      | Noticed a two-headed ogre
  6444 | D:8      | Killed a two-headed ogre
  6445 | D:8      | Reached XP level 10. HP: 91/91 MP: 9/9
  6513 | D:8      | Found a sacrificial altar of Ru.
  6646 | D:8      | Reached skill level 5 in Shields
  7403 | D:9      | Found a staircase to the Orcish Mines.
  7423 | D:9      | Noticed a seven-headed hydra
  7427 | D:9      | Slain by a ten-headed hydra

Illustrated notes

Levels and vault maps discovered:
D:1:      saegor_arrival_simple_d, layout_basic
D:2:      layout_loops_cross, minmay_misc_feat_tiny, minmay_increasing_density,
          uniq_terence, uniq_robin
D:3:      layout_rooms, chequers_ecumenical_altar_simple_redux
D:4:      layout_rooms, led_sif_pool, temple_hall, chequers_ossuary_entry_cave,
          uniq_blork_the_orc
D:5:      layout_loops_ring, overflow_temple_1_default
D:6:      layout_rooms, old_standard_altar, serial_corexii_hall,
          chequers_hall_statues_corner_a, corexii_hall_statues_t,
          corexii_hall_statues_x, chequers_hall_statues_wall_a,
          corexii_hall_statues_l, chequers_hall_statues_corner_a,
          uniq_prince_ribbit1, uniq_maggie, uniq_eustachio
D:7:      layout_loops_ring, serial_shops, kennysheep_mini_moat
D:8:      layout_basic, basic_altar, minivault_10
D:9:      minmay_the_grid_4x2 [minmay_the_grid_embedded,
          minmay_the_grid_small_cups, minmay_the_grid_large_cup,
          minmay_the_grid_doors, minmay_the_grid_medium_cups,
          minmay_the_grid_minigrid_medium, minmay_the_grid_outer_circle,
          minmay_the_grid_prize_shrinking_boxes], layout_gridville,
          gammafunk_temple_overflow_forgotten, lair_entry_dummy, uniq_harold

Skill      XL: |  1  2  3  4  5  6  7  8  9 10 |
---------------+-------------------------------+-----
Fighting       | 4 5 6 7 9 |  9.5
Axes           | 4 5 6 7 9 |  9.5
Armour         | 3 4 5 7 8 9 |  9.1
Dodging        | 3 4 5 6 7 8 |  8.3
Shields        | 1 2 3 4 5 |  5.4

Action                   |  1- 3 |  4- 6 |  7- 9 | 10-12 || total
-------------------------+-------+-------+-------+-------++-------
Melee: Hand axe          |    43 |   163 |   198 |       ||   404
       Headbutt          |     6 |    34 |    74 |    14 ||   128
       War axe           |       |       |   118 |    59 ||   177
Throw: Dart              |       |     2 |       |     2 ||     4
Invok: Berserk           |     1 |       |     5 |       ||     6
       Trog's Hand       |       |     6 |    14 |     1 ||    21
  Use: Scroll            |       |     6 |    10 |     2 ||    18
       Potion            |       |     4 |     5 |     2 ||    11
Armor: Scale mail        |    13 |    35 |       |       ||    48
       Ring mail         |       |    22 |    91 |    19 ||   132
Dodge: Dodged            |    36 |    97 |   179 |    49 ||   361
Block: Buckler           |     4 |    25 |    61 |       ||    90
       Kite shield       |       |       |     3 |    51 ||    54
